 Dungeon Crawl Stone Soup version 0.31.0-11-ge490571c62 (webtiles) character file.

Game seed: 9981713263851734487

30 hawla the Firebug (level 3, -1/20 HPs)
             Began as a Deep Elf Fire Elementalist on Feb 11, 2024.
             Slain by a gnoll
             ... wielding a +2 heavy halberd
              (13 damage)
             ... on level 3 of the Dungeon.
             The game lasted 00:04:13 (1918 turns).

hawla the Firebug (Deep Elf Fire Elementalist)      Turns: 1918, Time: 00:04:14

Health: -1/20      AC:  4    Str:  5    XL:     3   Next: 5%
Magic:  9/9        EV: 13    Int: 21    God:
Gold:   149        SH:  0    Dex: 27    Spells: 7/8 levels left

rFire   . . .        i - staff of alchemy
rCold   . . .        (no shield)
rNeg    . . .        a - +0 robe
rPois   +            (no helmet)
rElec   .            n - +0 cloak
rCorr   .            l - +0 pair of gloves
SInv    .            (no boots)
Will    .....        e - amulet of the acrobat
Stlth   +++          o - +6 ring of dexterity
HPRegen 0.23/turn    p - +6 ring of dexterity
MPRegen 0.11/turn

%: acrobat
@: no status effects
A: no striking features
a: no special abilities


You were on level 3 of the Dungeon.
You visited 1 branch of the dungeon, and saw 3 of its levels.

You collected 149 gold pieces.

Inventory:

Armour
 a - a +0 robe (worn)
 l - a +0 pair of gloves (worn)
 n - a +0 cloak (worn)
Magical Staves
 i - a staff of alchemy (weapon)
 k - a staff of earth
Jewellery
 e - an amulet of the acrobat (around neck)
 o - a +6 ring of dexterity (left hand)
 p - a +6 ring of dexterity (right hand)
Scrolls
 f - a scroll of brand weapon
 g - a scroll of fog {unknown}
 h - 2 scrolls of identify
Potions
 b - a potion of magic
 c - 2 potions of curing
 d - a potion of mutation {unknown}
 j - a potion of heal wounds {unknown}
 m - a potion of attraction {unknown}


   Skills:
 - Level 1.0 Fighting
 - Level 2.4 Dodging
 - Level 2.4 Stealth
 - Level 3.0 Spellcasting
 + Level 2.9 Conjurations
 - Level 3.2 Fire Magic


You had 7 spell levels left.
You knew the following spells:

 Your Spells              Type           Power      Damage    Failure   Level
a - Foxfire               Conj/Fire      64%        2x1d7     3%          1

Your spell library contained the following spells:

 Spells                   Type           Power      Damage    Failure   Level
 Scorch                   Fire           32%        2d6       5%          2
 Sandblast                Erth           6%         2d5       13%         1
 Inner Flame              Hex/Fire       10%        N/A       21%         3
 Volatile Blastmotes      Fire/Tloc      20%        2d11      21%         3
 Stone Arrow              Conj/Erth      18%        3d8       22%         3
 Passwall                 Erth           3%         N/A       36%         3
 Flame Wave               Conj/Fire      16%        2d7       36%         4
 Brom's Barrelling Bould  Conj/Erth      9%         2d3       58%         4


Dungeon Overview and Level Annotations

Branches:
Dungeon (3/15)

Altars:


Message History

Increase (S)trength, (I)ntelligence, or (D)exterity?
You feel clever. x2
You see here 10 gold pieces.
The helpless ball python fails to defend itself.
You hit the ball python.
The ball python is severely wounded.
The ball python misses you. x2
The ball python bites you but does no damage.
The ball python grabs you. The ball python constricts you.
You hit the ball python.
You kill the ball python!
No target in view!
No target in view!
You now have 140 gold pieces (gained 10).
Found an escape hatch in the floor.
You now have 149 gold pieces (gained 9).
A gnoll comes into view. It is wielding a +0 spear.
A gnoll is nearby!
A gnoll comes into view. It is wielding a +0 flail.
The gnoll shouts!
You hear a shout!
The gnoll moves out of view.
A rat comes into view.
A gnoll comes into view. It is wielding a +2 heavy halberd.
Found 11 gold pieces.
The gnoll shouts!
The rat squeaks loudly.
You see here 7 gold pieces.
The rat completely misses you.
An endoplasm comes into view.
You hit the gnoll.
The gnoll is lightly wounded.
The rat barely misses you.
The gnoll hits you from afar with a +0 spear.
The gnoll hits you with a +0 flail.
As you read the scroll labelled RAX SO POTOR, it crumbles to dust.
It is a scroll of identify.
f - a scroll of brand weapon The rat bites you but does no damage.
The gnoll hits you from afar with a +2 heavy halberd!
Ouch! That really hurt!
You die...

#############
####........>...
#....#....####
##.#####.#..## #######
#............# .....$.
#.###...##.#.### .......
#.# ##..##.....##.g.....
#†## ##..#.#...$@.g...J.
#..## ...#.###..gr......
#...#...##.#######.####.
#......###..# .#
#.##..###...######.#
#.######...........
#............#
#.#..........#
#..........<.#


You could see 3 gnolls, an endoplasm and a rat.

Vanquished Creatures
  A dart slug (D:2)
  2 endoplasms (D:2)
  A goblin (D:2)
  A hobgoblin (D:2)
  3 kobolds
  2 quokkas
  7 ball pythons
  A bat (D:1)
  A frilled lizard (D:2)
  11 rats (D:1)
30 creatures vanquished.

Vanquished Creatures (others)
  64 foxfires
64 creatures vanquished.

Grand Total: 94 creatures vanquished

Notes
Turn   | Place    | Note
-------+----------+-------------------------------------------
     0 | D:1      | hawla the Deep Elf Fire Elementalist began the quest for
                  | the Orb.
     0 | D:1      | Reached XP level 1. HP: 10/10 MP: 6/6
   105 | D:1      | Reached skill level 1 in Fighting
   248 | D:1      | Reached XP level 2. HP: 16/16 MP: 2/8
   432 | D:1      | Found a faded altar of an unknown god.
  1873 | D:3      | Reached XP level 3. HP: 15/20 MP: 9/9
  1918 | D:3      | Slain by a gnoll

Illustrated notes

Levels and vault maps discovered:
D:1:      erik_arrival_blinker_ship, layout_basic,
          ebering_ecumenical_altar_mist, minmay_crystal_water,
          minmay_rat_gold_closets
D:2:      layout_loops_ring, kennysheep_generic_room_14
D:3:      layout_rooms, minmay_cupped

Skill      XL: |  1  2 |
---------------+-------+-----
Fighting       | 1 |  1.0
Conjurations   | 2 |  2.9
Dodging        | |  2.4
Stealth        | |  2.4
Spellcasting   | |  3.0
Fire Magic     | |  3.2

Action                     || total
---------------------------++-------
  Melee: Unarmed           ||     4
         Staff             ||    19
   Cast: Foxfire           ||    37
    Use: Potion            ||     1
         Scroll            ||     1
   Stab: Sleeping          ||     3
 Armour: Robe              ||    28
  Dodge: Dodged            ||    38
